 Dungeon Crawl Stone Soup version 0.21-a0-59-g7b0e191 (webtiles) character file.

1662994 xgamer67 the Human Blade (level 27, 216/230 HPs)
             Began as a Human Fighter on June 16, 2017.
             Was the Champion of Trog.
             Escaped with the Orb
             ... and 3 runes!
             The game lasted 03:40:17 (69704 turns).

xgamer67 the Human Blade (Human Fighter)           Turns: 69704, Time: 03:40:17

Health: 216/230    AC: 50    Str: 36    XL:     27
Magic:  26/26      EV: 24    Int: 20    God:    Trog [******]
Gold:   5117       SH:  0    Dex: 19    Spells: 26/26 levels left

rFire    + . .     SeeInvis +   a - +12 triple sword "Fittit" {vamp, rElec Int+5}
rCold    . . .     Gourm    .   (shield currently unavailable)
rNeg     . . .     Faith    .   O - +6 crystal plate armour
rPois    +         Spirit   .   D - +2 helmet {SInv}
rElec    +         Reflect  .   T - +2 cloak {rPois}
rCorr    .         Harm     .   n - +2 pair of gloves {Str+3}
MR       +++..     Rnd*Tele +   J - +2 pair of boots {run}
Stlth    ..........             o - amulet of regeneration
HPRegen  0.88/turn              K - ring of the Death Scarab {rF+ Str+7 Int+4}
MPRegen  0.20/turn              B - ring "Sayfuan" {rPois MR+ Str+3}

@: quick
A: blurry vision 1, poison resistance, strong 1, teleportitis 1, wild magic 1
0: Orb of Zot
}: 3/15 runes: serpentine, barnacled, silver
a: Berserk, Trog's Hand, Brothers in Arms, Burn Spellbooks, Renounce Religion


You escaped.
You worshipped Trog.
Trog was exalted by your worship.
You were not hungry.

You visited 8 branches of the dungeon, and saw 46 of its levels.
You visited the Abyss 1 time.
You also visited: Wizlab.

You collected 7405 gold pieces.
You spent 2288 gold pieces at shops.

Inventory:

Hand Weapons
 a - the +12 triple sword "Fittit" (weapon) {vamp, rElec Int+5}
   (Trog gifted it to you on level 4 of the Vaults)

   It inflicts no extra harm, but heals its wielder when it wounds a living foe.
   It affects your intelligence (+5).
   It insulates you from electricity.
 b - a +9 antimagic triple sword
Armour
 n - a +2 pair of gloves of strength (worn)
 D - a +2 helmet of see invisible (worn)
 J - a +2 pair of boots of running (worn)
 O - a +6 crystal plate armour (worn)
 T - a +2 cloak of poison resistance (worn)
Jewellery
 i - the ring "Ciadghar" {rElec rC+ Int+6 SInv Stlth-}
   (You found it on level 10 of the Dungeon)

   [ring of loudness]

   It affects your intelligence (+6).
   It protects you from cold.
   It insulates you from electricity.
   It lets you see invisible.
   It makes you less stealthy.
 j - an uncursed ring of protection from magic
 m - the amulet of Equilibrium {Faith MR+}
   (You took it off a vampire knight on level 4 of the Depths)

   [amulet of faith]

   It allows you to gain divine favour quickly.
   It affects your resistance to hostile enchantments.
 o - an amulet of regeneration (around neck)
 y - the ring of Dakhle Secka {+Blink rN+ Str+4 Int-3 Dex+2}
   (You found it on level 5 of the Lair of Beasts)

   [ring of positive energy]

   It affects your strength (+4).
   It affects your intelligence (-3).
   It affects your dexterity (+2).
   It protects you from negative energy.
   It lets you blink.
 B - the ring "Sayfuan" (right hand) {rPois MR+ Str+3}
   (You found it on level 5 of the Depths)

   [ring of protection from magic]

   It affects your strength (+3).
   It protects you from poison.
   It affects your resistance to hostile enchantments.
 K - the ring of the Death Scarab (left hand) {rF+ Str+7 Int+4}
   (You found it on level 3 of the Lair of Beasts)

   [ring of intelligence]

   It affects your strength (+7).
   It affects your intelligence (+4).
   It protects you from fire.
 L - the ring of the Moon {-Tele rF+ rC++ MR+ Stlth+}
   (You found it on level 3 of the Shoals)

   [ring of protection from magic]

   It protects you from fire.
   It greatly protects you from cold.
   It affects your resistance to hostile enchantments.
   It prevents most forms of teleportation.
   It makes you more stealthy.
Wands
 s - a wand of paralysis (7/24)
 x - a wand of polymorph (16/24)
 M - a wand of digging (20/24)
 W - a wand of disintegration (9/24)
Scrolls
 c - 4 scrolls of summoning
 f - 3 scrolls of silence
 l - 11 scrolls of recharging
 p - 9 scrolls of blinking
 q - 4 scrolls of magic mapping
 r - 20 scrolls of teleportation
 t - 3 scrolls of enchant weapon
 I - 5 scrolls of fear
 Q - 18 scrolls of remove curse
 S - 5 scrolls of identify
 Y - 6 scrolls of fog
Potions
 d - 5 potions of might
 e - 5 potions of resistance
 k - 16 potions of curing
 v - 5 potions of invisibility
 z - 7 potions of mutation
 A - 3 potions of ambrosia
 C - 2 potions of agility
 F - 11 potions of flight
 G - 4 potions of cancellation
 P - 7 potions of heal wounds
 R - 2 potions of haste
Books
 H - a book of Conjurations

   Spells                             Type                      Level
   a - Magic Dart                     Conjuration                  1
   b - Searing Ray                    Conjuration                  2
   c - Dazzling Spray                 Conjuration/Hexes            3
   d - Fulminant Prism                Conjuration/Hexes            4
   e - Force Lance                    Conjuration/Translocation    4
   f - Iskenderun's Mystic Blast      Conjuration                  4
   Trog disapproves of the use of such an item.
 N - a book of Flames

   Spells                             Type                      Level
   a - Flame Tongue                   Conjuration/Fire             1
   b - Throw Flame                    Conjuration/Fire             2
   c - Conjure Flame                  Conjuration/Fire             3
   d - Inner Flame                    Hexes/Fire                   3
   e - Sticky Flame                   Conjuration/Fire             4
   f - Fireball                       Conjuration/Fire             5
   Trog disapproves of the use of such an item.
 X - a book of Spatial Translocations

   Spells                             Type                      Level
   a - Blink                          Translocation                2
   b - Shroud of Golubria             Charms/Translocation         2
   c - Lesser Beckoning               Translocation                3
   d - Gell's Gravitas                Translocation                3
   e - Teleport Other                 Translocation                3
   f - Passage of Golubria            Translocation                4
   Trog disapproves of the use of such an item.
Miscellaneous
 u - 2 sacks of spiders
 U - a lamp of fire
 V - a box of beasts
Comestibles
 g - 34 meat rations
 h - 10 bread rations
 w - 6 royal jellies
 Z - 11 fruits


   Skills:
 + Level 21.7 Fighting
 - Level 24.0 Long Blades
 - Level 22.0 Armour
 + Level 23.3 Dodging
   Level 3.0 Shields
 - Level 5.2 Evocations


You had 26 spell levels left.
You didn't know any spells.

Dungeon Overview and Level Annotations

Branches:
Dungeon (15/15)            Temple (0/1) D:4            Lair (6/6) D:8
 Shoals (4/4) Lair:3        Snake (4/4) Lair:4        Slime (0/5) Lair:6
    Orc (2/2) D:11            Elf (0/3) Orc:2        Vaults (5/5) D:14
  Crypt (0/3) Vaults:3     Depths (5/5) D:15            Zot (5/5) Depths:5

Altars:
Ashenzari
Cheibriados
Elyvilon
Fedhas
Nemelex Xobeh
Okawaru
Qazlal
Trog
Uskayaw
Vehumet
Wu Jian
Zin
Jiyva

Shops:
D:11 [?:[:   D:12 **   D:14 }[   D:15 (   Orc:2 =[(*   Shoals:1 [
Snake:1 }=}[   Snake:2 [   Vaults:1 :

Portals:
Hell: Depths:1 Depths:2 Depths:3 Depths:4 Depths:5
Abyss: Depths:1 Depths:3 Depths:4
Pandemonium: Depths:1 Depths:3
Ziggurat: Depths:1

Annotations:
Lair:3 exclusion: oklob plant
Depths:2 exclusion: 2 statues
Zot:4 exclusion: 4 doors


Innate Abilities, Weirdness & Mutations

Scrolls take you a little longer to read.
Your system is resistant to poisons. (rPois)
Your muscles are strong. (Str +2)
You are occasionally teleported next to monsters.
Your spells are a little harder to cast, but a little more powerful.


Message History

The giant cockroach misses you. The gnoll misses you.
You climb upwards.
There is a stone staircase leading down here.
The giant cockroach barely misses you.
You riposte.
You slice the giant cockroach!!
You kill the giant cockroach!
Trog accepts your kill.
A soul eater comes into view.
The soul eater draws from the surrounding life force!
The soul eater draws from the surrounding life force!
The soul eater draws from the surrounding life force!
The soul eater draws from the surrounding life force!
There is a stone staircase leading up here.
You climb upwards.
There is a stone staircase leading down here.
There is an open door here.
A quasit comes into view.
The quasit gives a chilling moan.
There is a staircase leading out of the dungeon here.
You have escaped!

.................................
.........####......#######.####.#
.......................###.##..[.
.........#####.....###..##+##.##.
.........# ##5..## ##.#........
.........#####..#))####.#....####
.........##...........#.#....# #
.........##...........#.#....# #
.........##.⌠...@...⌠.#.#....#
.........##......[....#......#
....)....##...........##.....####
.........###..#####..###...#.....
.........# #...# #...##......8#8.
.........# #...###...##...>..#$#.
########## ##...#...###......8#8.
##.....## #.......... ###.###
#..........


You could see a quasit.

Vanquished Creatures
  3 orbs of fire
  2 juggernauts
  6 ancient liches
  Sojobo (Vaults:4)
  Saint Roka (Depths:4)
  Margery (Depths:5)
  Frederick (Vaults:4)
  Bai Suzhen (Snake:3)
  Vashnia (Snake:3)
  A curse toe (Zot:5)
  3 Killer Klowns (Zot:5)
  11 golden dragons
  4 electric golems
  A bone dragon (Depths:5)
  13 tentacled monstrosities
  Jorgrun (Snake:4)
  19 Orb Guardians (Zot:5)
  Asterion (Snake:3)
  2 titans (Vaults:5)
  5 liches
  5 quicksilver dragons
  Frances (D:13)
  The ghost of xgamer67 the Imperceptible, an adept SpWr of Wu Jian (Zot:1)
  4 sphinxes
  An Executioner (Zot:5)
  2 death cobs
  Kirke (Snake:2)
  A kraken (Shoals:1)
  Polyphemus (Shoals:3)
  An ancient champion (Vaults:3)
  6 shadow dragons
  Donald (Vaults:2)
  Roxanne (Snake:3)
  7 tengu reavers
  9 nagarajas
  12 storm dragons
  5 draconian monks
  The ghost of HAL9000 the Unseen, an adept VSAs of Dithmenos (Shoals:3)
  Ilsuiw (Shoals:4)
  10 vault wardens
  8 draconian knights
  An orc warlord (Orc:2)
  A deep elf sorcerer (Vaults:5)
  An iron dragon (Vaults:5)
  4 ghost moths
  Aizul (Snake:1)
  12 frost giants
  8 fire giants
  2 draconian shifters
  13 ironheart preservers
  3 deep elf elementalists
  9 draconian scorchers
  A spriggan defender (Depths:4)
  4 draconian annihilators
  4 draconian stormcallers
  A juggernaut zombie (Depths:3)
  An entropy weaver (Vaults:2)
  3 war gargoyles
  3 vampire knights
  17 stone giants
  12 very ugly things
  3 deep elf demonologists
  3 deep elf annihilators
  12 green draconians
  9 black draconians
  8 white draconians
  6 yellow draconians
  7 purple draconians
  4 spark wasps (Depths:4)
  14 red draconians
  2 small abominations (Vaults:5)
  8 merfolk javelineers
  Snorg (Orc:1)
  2 deep elf death magi
  8 great orbs of eyes
  13 ogre magi
  11 merfolk impalers
  4 deep elf high priests
  2 rakshasas
  2 hydras
  25 vault guards
  6 fire dragons
  13 ettins
  17 yaktaur captains
  A hell beast (D:5)
  12 naga warriors
  Erolcha (Orc:1)
  An alligator snapping turtle (Shoals:4)
  12 anacondas
  A catoblepas (Shoals:3)
  A merfolk avatar (Shoals:4)
  10 ice dragons
  2 death yaks (Shoals:3)
  A merfolk aquamancer (Shoals:4)
  2 satyrs
  9 centaur warriors
  5 death knights
  A vampire mage (Vaults:3)
  39 two-headed ogres
  11 deep troll shamans
  A deep troll earth mage (Depths:5)
  7 shock serpents
  3 spriggan berserkers
  4 tengu warriors
  6 orc high priests
  16 naga sharpshooters
  5 deep elf knights
  A soul eater (Depths:3)
  3 salamander mystics
  2 shadow wraiths
  20 hell knights
  3 iron trolls
  8 deep trolls
  21 skeletal warriors
  A storm dragon skeleton (Vaults:3)
  6 sea snakes
  2 unseen horrors (shapeshifter)
  4 deep elf archers
  3 flayed ghosts
  3 glowing orange brains
  An unseen horror (D:13)
  9 wizards
  13 orc knights
  3 tengu zombies
  8 naga ritualists
  An orange crystal statue (Depths:1)
  15 harpies
  A golden dragon skeleton (Depths:3)
  9 necromancers
  A lindwurm (Lair:6)
  2 phantasmal warriors (Vaults:5)
  14 fauns
  10 mana vipers
  32 ugly things
  17 ironbrand convokers
  4 orc sorcerers
  4 wolf spiders
  25 deep elf magi
  A shadow dragon skeleton (Vaults:3)
  11 salamanders
  A manticore (shapeshifter) (Depths:1)
  11 cyclopes
  14 manticores
  An elephant (shapeshifter) (Depths:4)
  A cyclops (shapeshifter) (D:15)
  25 moths of wrath
  9 merfolk sirens
  3 centaur zombies
  55 black mambas
  A moth of wrath (shapeshifter) (Depths:4)
  6 guardian serpents
  A fire giant skeleton (Depths:3)
  An iron dragon skeleton (Depths:3)
  17 naga magi
  13 vault sentinels
  21 elephants
  10 water nymphs
  3 gargoyles
  2 spiny frogs (shapeshifter)
  4 torpor snails
  A spark wasp simulacrum (Depths:3)
  15 spiny frogs
  2 efreet
  40 yaktaurs
  6 freezing wraiths
  4 kobold demonologists
  2 rime drakes
  A hellwing (D:5)
  7 komodo dragons
  A yaktaur (shapeshifter) (D:14)
  A komodo dragon (shapeshifter) (Vaults:5)
  3 tengu conjurers
  A polar bear (shapeshifter) (Depths:5)
  9 trolls
  2 meliai (shapeshifter)
  2 jumping spiders (shapeshifter)
  2 polar bears
  31 merfolk
  9 blink frogs
  5 wind drakes
  7 hornets
  34 slime creatures
  A tyrant leech (Lair:6)
  9 snapping turtles
  18 dream sheep
  10 hippogriffs
  A hippogriff (shapeshifter) (Vaults:2)
  2 tarantellas (Vaults:2)
  Sigmund (D:3)
  4 redbacks
  A vampire (D:14)
  7 water elementals
  4 wraiths
  9 wyverns (Lair:6)
  A spriggan (D:13)
  A spriggan (shapeshifter) (Vaults:3)
  33 yaks
  Eustachio (D:5)
  22 fire elementals (Zot:3)
  A hog (Snake:2)
  A human (shapeshifter) (Vaults:2)
  8 basilisks
  Grum (D:9)
  4 vampire mosquitoes (D:15)
  4 hungry ghosts
  68 nagas
  9 wargs
  An elf skeleton (WizLab)
  4 porcupines
  23 water moccasins
  Duvessa (D:5)
  3 floating eyes
  56 orc warriors
  3 ice beasts
  8 black bears
  41 ogres
  9 centaurs
  2 eyes of draining
  7 phantoms
  12 boggarts
  17 wolves
  13 crocodiles
  A human skeleton (Vaults:3)
  4 big kobolds
  Blork the orc (D:5)
  13 bullfrogs
  A gnoll sergeant (D:7)
  A wyvern zombie (D:14)
  Dowan (D:5)
  A water moccasin zombie (D:9)
  9 scorpions
  8 killer bees
  A water moccasin skeleton (D:5)
  16 wights
  2 howler monkeys
  The ghost of xgamer67 the Firebug, a weakling HOFE (D:3)
  2 electric eels
  8 crimson imps
  3 lava snakes (D:9)
  10 jellies
  3 quasits
  4 bullfrog zombies
  21 orc priests
  4 centaur skeletons
  11 hounds
  2 iron imps
  35 orc wizards
  3 bullfrog skeletons
  6 iguanas
  14 worker ants
  3 hound zombies
  A hound skeleton (D:6)
  A mummy (D:4)
  A howler monkey zombie (D:8)
  4 gnolls
  A howler monkey skeleton (D:8)
  12 adders
  7 shadow imps
  2 white imps
  6 oozes
  An adder skeleton (D:5)
  3 worms
  5 dart slugs
  6 leopard geckos
  108 orcs
  9 giant cockroaches
  12 goblins
  14 hobgoblins
  15 jackals
  14 kobolds
  7 quokkas
  A ball python (D:1)
  7 bats
  3 frilled lizards
  4 kobold zombies (D:4)
  A leopard gecko skeleton (D:4)
  2 quokka skeletons (D:7)
  A quokka zombie (D:7)
  5 rats
  A crawling corpse (Vaults:5)
  3 tentacles (Shoals:1)
2098 creatures vanquished.

Vanquished Creatures (collateral kills)
  An orb of fire (Zot:5)
  2 Orb Guardians (Zot:5)
  Rupert (D:13)
  A draconian shifter (Zot:5)
  A purple draconian (Zot:5)
  A hydra (Lair:6)
  A naga warrior (Snake:3)
  A flayed ghost (Depths:4)
  2 lindwurms (Lair:6)
  A salamander (Snake:3)
  2 merfolk sirens (Lair:3)
  3 torpor snails (Lair:6)
  A tyrant leech (Lair:6)
  A hippogriff (Lair:3)
  7 hornets (Lair:6)
  2 dream sheep (Lair:6)
  A naga (Snake:3)
  A water moccasin (Lair:6)
  A crimson imp (D:13)
31 creatures vanquished.

Vanquished Creatures (others)
  An electric golem (Zot:5)
  An ironheart preserver (Vaults:5)
  A faun (Shoals:2)
  A moth of wrath (Zot:4)
  A black mamba (Snake:1)
  2 humans (Snake:2)
  An orc warrior (Vaults:5)
  2 ogres
  An orc priest (Orc:1)
  2 orcs
  32 fungi
  53 plants
  6 tentacles (Shoals:1)
104 creatures vanquished.

Grand Total: 2233 creatures vanquished

Notes
Turn   | Place    | Note
-------+----------+-------------------------------------------
     0 | D:1      | xgamer67 the Human Fighter began the quest for the Orb.
     0 | D:1      | Reached XP level 1. HP: 18/18 MP: 1/1
   156 | D:1      | Reached XP level 2. HP: 20/24 MP: 2/2
   232 | D:1      | Reached skill level 3 in Long Blades
   337 | D:1      | Reached XP level 3. HP: 25/29 MP: 3/3
   731 | D:3      | Found a faded altar of an unknown god.
   868 | D:2      | Reached XP level 4. HP: 28/35 MP: 4/4
   964 | D:2      | Reached skill level 4 in Long Blades
  1190 | D:2      | Found a bloodstained altar of Trog.
  1225 | D:2      | Became a worshipper of Trog the Wrathful
  1865 | D:3      | Noticed xgamer67's ghost (weakling HOFE)
  2114 | D:3      | Reached XP level 5. HP: 35/41 MP: 5/5
  2249 | D:3      | Noticed Sigmund
  2514 | D:3      | Reached skill level 5 in Long Blades
  2605 | D:3      | Killed xgamer67's ghost
  2771 | D:3      | Found an iron altar of Okawaru.
  3037 | D:4      | Reached skill level 6 in Long Blades
  3037 | D:4      | Reached XP level 6. HP: 13/47 MP: 6/6
  3601 | D:5      | Entered Level 5 of the Dungeon
  3924 | D:5      | Reached skill level 7 in Long Blades
  3924 | D:5      | Reached XP level 7. HP: 30/52 MP: 7/7
  4220 | D:5      | Noticed Blork the orc
  4301 | D:6      | Reached * piety under Trog
  4414 | D:6      | Reached skill level 8 in Long Blades
  4654 | D:6      | Reached XP level 8. HP: 58/58 MP: 8/8
  4981 | D:5      | Reached skill level 9 in Long Blades
  5053 | D:5      | Found a sparkling altar of Nemelex Xobeh.
  5111 | D:5      | Noticed Eustachio
  5130 | D:5      | Killed Eustachio
  5427 | D:5      | Reached skill level 10 in Long Blades
  5585 | D:5      | Found an ornate altar of the Wu Jian Council.
  5603 | D:5      | Noticed Duvessa
  5611 | D:5      | Noticed Dowan
  5640 | D:5      | Killed Duvessa
  5790 | D:5      | Killed Dowan
  5790 | D:5      | Reached XP level 9. HP: 34/63 MP: 9/9
  6318 | D:4      | Reached ** piety under Trog
  6400 | D:4      | Found a staircase to the Ecumenical Temple.
  6842 | D:3      | Killed Sigmund
  6879 | D:3      | Reached skill level 5 in Armour
  7240 | D:5      | Killed Blork the orc
  7332 | D:6      | Reached skill level 11 in Long Blades
  7486 | D:6      | Found a hide-covered altar of Uskayaw.
  7845 | D:7      | Found a radiant altar of Vehumet.
  7854 | D:7      | Got a polished plate armour
  8081 | D:7      | Noticed a hippogriff
  8094 | D:7      | Killed a hippogriff
  8655 | D:7      | Reached XP level 10. HP: 70/70 MP: 10/10
  8810 | D:7      | Found a stormy altar of Qazlal.
  8920 | D:8      | Reached *** piety under Trog
  9273 | D:7      | Reached skill level 12 in Long Blades
  9843 | D:8      | Paralysed by a hornet for 3 turns
 10087 | D:8      | Found a staircase to the Lair.
 10209 | D:8      | Noticed a two-headed ogre
 10221 | D:8      | Killed a two-headed ogre
 10221 | D:8      | Reached skill level 13 in Long Blades
 10760 | D:8      | Reached XP level 11. HP: 73/75 MP: 11/11
 10923 | D:9      | Reached **** piety under Trog
 11199 | D:9      | Found a white marble altar of Elyvilon.
 11202 | D:9      | Found a glowing silver altar of Zin.
 11205 | D:9      | Found a bloodstained altar of Trog.
 11582 | D:9      | Reached skill level 14 in Long Blades
 12032 | D:9      | Noticed Grum
 12043 | D:9      | Killed Grum
 12059 | D:10     | Entered Level 10 of the Dungeon
 12197 | D:10     | Noticed Urug
 12634 | D:9      | Found a blossoming altar of Fedhas.
 12810 | D:9      | Reached ***** piety under Trog
 12972 | D:9      | Found a snail-covered altar of Cheibriados.
 13214 | Lair:1   | Entered Level 1 of the Lair of Beasts
 13333 | Lair:1   | Reached skill level 5 in Fighting
 14822 | Lair:2   | Reached XP level 12. HP: 35/91 MP: 12/12
 14992 | Lair:2   | Got a scorched plate armour
 16776 | Lair:2   | Reached skill level 15 in Long Blades
 17580 | Lair:3   | Got a heavily runed ivory ring
 18698 | Lair:3   | Found a staircase to the Shoals.
 19038 | Lair:3   | Reached skill level 10 in Armour
 19172 | Lair:4   | Reached skill level 10 in Fighting
 19172 | Lair:4   | Reached XP level 13. HP: 103/103 MP: 9/13
 19265 | Lair:4   | Reached skill level 1 in Dodging
 19524 | Lair:4   | Found a staircase to the Snake Pit.
 20346 | Lair:4   | Identified the +6 plate armour "Qaoph" {rF- Int+8} (You found it on level 7 of the Dungeon)
 20356 | Lair:4   | Identified the +6 plate armour of the Jackalope {Stlth+} (You found it on level 2 of the Lair of Beasts)
 20375 | Lair:4   | Identified the ring of the Death Scarab {rF+ Str+7 Int+4} (You found it on level 3 of the Lair of Beasts)
 21033 | Lair:5   | Reached skill level 5 in Dodging
 21408 | Lair:5   | Got a steaming iron ring
 21410 | Lair:5   | Identified the ring of Dakhle Secka {+Blink rN+ Str+4 Int-3 Dex+2} (You found it on level 5 of the Lair of Beasts)
 21726 | Lair:6   | Entered Level 6 of the Lair of Beasts
 21726 | Lair:6   | Noticed an eight-headed hydra
 22439 | Lair:6   | Killed an eight-headed hydra
 22771 | Lair:6   | Reached XP level 14. HP: 72/115 MP: 10/14
 23717 | Lair:6   | Found a runed door.
 25004 | Lair:6   | Found a viscous altar of Jiyva.
 25004 | Lair:6   | Found a staircase to the Slime Pits.
 26782 | D:10     | Received a gift from Trog
 26959 | D:10     | Noticed Urug
 26959 | D:10     | Urug changed into Urug the sea snake
 26964 | D:10     | Killed Urug the sea snake
 27125 | D:10     | Got an ancient wooden ring
 27127 | D:10     | Identified the ring "Ciadghar" {rElec rC+ Int+6 SInv Stlth-} (You found it on level 10 of the Dungeon)
 27599 | D:11     | Found Gompyabe's Antique Armour Emporium.
 27743 | D:11     | Reached XP level 15. HP: 105/126 MP: 11/15
 27807 | D:11     | Found Genk's Book Shop.
 27939 | D:11     | Found a staircase to the Orcish Mines.
 28075 | D:11     | Found Biokhug's Book Boutique.
 28463 | D:11     | Found Dirin's Armour Emporium.
 28473 | D:11     | Found Vogoanu's Magic Scroll Shop.
 28480 | D:11     | Bought a scroll of magic mapping for 38 gold pieces
 28480 | D:11     | Bought a scroll of blinking for 82 gold pieces
 28480 | D:11     | Bought a scroll of identify for 22 gold pieces
 28480 | D:11     | Bought a scroll of identify for 22 gold pieces
 28480 | D:11     | Bought a scroll of teleportation for 33 gold pieces
 28480 | D:11     | Bought a scroll of fear for 38 gold pieces
 28480 | D:11     | Bought a scroll of identify for 22 gold pieces
 28480 | D:11     | Bought a scroll of identify for 22 gold pieces
 28965 | D:12     | Found Meutuxko's Demolitions Depot.
 29012 | D:12     | Received a gift from Trog
 29504 | D:12     | Found Peic's General Store.
 29507 | D:12     | Bought 2 potions of haste for 220 gold pieces
 30143 | Orc:1    | Entered Level 1 of the Orcish Mines
 30151 | Orc:1    | Noticed Erolcha
 30503 | D:11     | Reached skill level 1 in Evocations
 30578 | D:13     | Reached skill level 16 in Long Blades
 30666 | D:13     | Reached skill level 15 in Fighting
 30804 | D:13     | Noticed Rupert
 30841 | D:13     | Killed Rupert
 31339 | D:13     | Noticed Sonja
 31355 | D:13     | Noticed Sonja
 31355 | D:13     | Sonja changed into Sonja the spriggan
 31362 | D:13     | Killed Sonja the spriggan
 31668 | D:13     | Noticed Frances
 31695 | D:13     | Killed Frances
 31695 | D:13     | Reached skill level 5 in Evocations
 31889 | D:13     | Reached XP level 16. HP: 136/136 MP: 19/19
 32680 | Orc:1    | Killed Erolcha
 32744 | Orc:1    | Reached skill level 17 in Long Blades
 33164 | Orc:2    | Entered Level 2 of the Orcish Mines
 33196 | Orc:2    | Found Wosa's Antique Armour Shoppe.
 33401 | Orc:1    | Received a gift from Trog
 34654 | Orc:2    | Found Celuz's Jewellery Emporium.
 34806 | Orc:2    | Found Lopury's General Store.
 34812 | Orc:2    | Found a staircase to the Elven Halls.
 34814 | Orc:2    | Bought a scroll of identify for 30 gold pieces
 34814 | Orc:2    | Bought a scroll of magic mapping for 52 gold pieces
 34933 | Orc:2    | Found Puffau Fyro's Antique Weapon Shop.
 34949 | Orc:2    | Reached skill level 18 in Long Blades
 35329 | Orc:1    | Noticed Snorg
 35341 | Orc:1    | Killed Snorg
 35440 | Orc:2    | Bought an uncursed amulet of regeneration for 330 gold pieces
 35467 | Orc:2    | Bought a pair of runed boots for 247 gold pieces
 35477 | Orc:2    | Identified a +1 pair of boots of running (You bought it in a shop on level 2 of the Orcish Mines)
 35503 | Orc:2    | Bought an uncursed ring of protection from magic for 275 gold pieces
 35692 | D:14     | Reached ****** piety under Trog
 35710 | D:14     | Found Ixaimu's Armour Shoppe.
 35715 | D:14     | Bought a +0 cloak of poison resistance for 102 gold pieces
 35715 | D:14     | Bought a +1 helmet of see invisible for 198 gold pieces
 36241 | D:14     | Found a gate to the Vaults.
 36369 | D:14     | Found Qaidim's Gadget Emporium.
 36378 | D:14     | Bought a wand of digging (14/24) for 360 gold pieces
 36590 | D:14     | Reached skill level 19 in Long Blades
 36657 | D:15     | Entered Level 15 of the Dungeon
 36663 | D:15     | Received a gift from Trog
 36665 | D:15     | Reached XP level 17. HP: 142/142 MP: 20/20
 37400 | D:15     | Found a staircase to the Depths.
 37500 | D:15     | Found Xulowaurgh's Antique Weapon Boutique.
 37997 | D:15     | Found a stormy altar of Qazlal.
 38023 | D:15     | Received a gift from Trog
 38023 | D:15     | Reached skill level 20 in Long Blades
 38531 | Snake:1  | Entered Level 1 of the Snake Pit
 39122 | Snake:1  | Noticed Aizul
 39133 | Snake:1  | Killed Aizul
 39441 | Snake:1  | Found Povvy's Antique Armour Shoppe.
 39811 | Snake:1  | Found Dopnihics's Gadget Shop.
 39811 | Snake:1  | Found Oclysih's Jewellery Shoppe.
 39812 | Snake:1  | Found Asie's Gadget Shop.
 40166 | Snake:1  | Reached skill level 10 in Dodging
 40212 | Snake:1  | Received a gift from Trog
 40438 | Snake:2  | Reached XP level 18. HP: 149/149 MP: 7/21
 40746 | Snake:2  | Noticed Kirke
 40764 | Snake:2  | Killed Kirke
 40995 | Snake:2  | Found Jurhuf's Antique Armour Emporium.
 41314 | Snake:3  | Noticed Bai Suzhen
 41325 | Snake:3  | Killed Bai Suzhen
 41325 | Snake:3  | Reached skill level 21 in Long Blades
 41439 | Snake:3  | Received a gift from Trog
 41440 | Snake:3  | Got a dazzling long sword {god gift}
 41441 | Snake:3  | Identified the +3 long sword of Naplasig {flame, rPois} (Trog gifted it to you on level 3 of the Snake Pit)
 41496 | Snake:3  | Noticed Roxanne
 41515 | Snake:3  | Killed Roxanne
 41516 | Snake:3  | Identified Roxanne's Disquisition on the Rocks (You took it off Roxanne on level 3 of the Snake Pit)
 41579 | Snake:3  | Noticed Asterion
 41587 | Snake:3  | Killed Asterion
 42364 | Snake:3  | Noticed Vashnia
 42744 | Snake:3  | Killed Vashnia
 42786 | Snake:3  | Identified a scroll of acquirement
 42847 | Snake:3  | Reached skill level 22 in Long Blades
 43125 | Snake:4  | Entered Level 4 of the Snake Pit
 43274 | Snake:4  | Reached XP level 19. HP: 118/155 MP: 7/22
 43276 | Snake:4  | Noticed Jorgrun
 43842 | Snake:4  | Killed Jorgrun
 43919 | Snake:4  | Received a gift from Trog
 44744 | Snake:4  | Reached skill level 23 in Long Blades
 44787 | Snake:4  | Received a gift from Trog
 45335 | Snake:4  | Got a serpentine rune of Zot
 45797 | Vaults:1 | Entered Level 1 of the Vaults
 45797 | Vaults:1 | Found Idiotim's Book Boutique.
 46320 | Vaults:1 | Received a gift from Trog
 46493 | Vaults:1 | Reached XP level 20. HP: 147/162 MP: 7/23
 46993 | Vaults:1 | Reached skill level 24 in Long Blades
 48122 | Vaults:2 | Noticed Donald
 48140 | Vaults:2 | Killed Donald
 48140 | Vaults:2 | Received a gift from Trog
 49760 | Vaults:3 | Received a gift from Trog
 50224 | Vaults:3 | Found a staircase to the Crypt.
 50232 | Vaults:3 | Reached XP level 21. HP: 168/168 MP: 8/24
 51252 | Vaults:4 | Received a gift from Trog
 51969 | Vaults:4 | Noticed Sojobo
 52077 | Vaults:4 | Reached skill level 15 in Armour
 52176 | Vaults:4 | Killed Sojobo
 52298 | Vaults:4 | Received a gift from Trog
 52327 | Vaults:4 | Got a blackened triple sword {god gift}
 52328 | Vaults:4 | Identified the +12 triple sword "Fittit" {vamp, rElec Int+5} (Trog gifted it to you on level 4 of the Vaults)
 52479 | Vaults:4 | Noticed Frederick
 52497 | Vaults:4 | Killed Frederick
 53044 | Depths:1 | Entered Level 1 of the Depths
 53046 | Depths:1 | Found a gateway to a ziggurat.
 53056 | Depths:1 | Reached skill level 15 in Dodging
 53083 | Depths:1 | Found a shattered altar of Ashenzari.
 53091 | Depths:1 | Found a gateway to Hell.
 53167 | Depths:1 | Reached XP level 22. HP: 175/175 MP: 15/25
 53200 | Depths:1 | Found a one-way gate leading to the halls of Pandemonium.
 53259 | Depths:1 | Found a magical portal.
 53268 | WizLab   | Entered The Roulette of Golubria
 53268 | WizLab   | Found a transporter.
 53273 | WizLab   | Found a corrupted altar of Lugonu.
 53342 | Depths:1 | Found a one-way gate to the infinite horrors of the Abyss.
 53769 | Depths:2 | Identified the +2 pair of boots of Ugror {rN+ Str-3 Dex+4} (You found it on level 2 of the Depths)
 53781 | Depths:2 | Received a gift from Trog
 53879 | Depths:2 | Paralysed by a floating eye for 3 turns
 53999 | Depths:2 | Received a gift from Trog
 54711 | Depths:3 | Noticed a juggernaut
 54730 | Depths:3 | Killed a juggernaut
 54823 | Depths:3 | Paralysed by a wizard for 4 turns
 55286 | Depths:3 | Received a gift from Trog
 55586 | Depths:3 | Reached XP level 23. HP: 176/183 MP: 26/26
 55701 | Depths:4 | Cast into level 2 of the Abyss (a wizard)
 55701 | Abyss:2  | Found a corrupted altar of Lugonu.
 55726 | Abyss:2  | Found a corrupted altar of Lugonu.
 55728 | Depths:4 | Escaped the Abyss
 56075 | Depths:4 | Paralysed by a vampire knight for 3 turns
 56113 | Depths:4 | Paralysed by a floating eye for 4 turns
 56165 | Depths:4 | Got a crude lead amulet
 56298 | Depths:4 | Noticed Saint Roka
 56311 | Depths:4 | Killed Saint Roka
 56515 | Depths:4 | Received a gift from Trog
 56559 | Depths:4 | Noticed a golden dragon
 56570 | Depths:4 | Killed a golden dragon
 56596 | Depths:4 | Noticed a juggernaut
 56606 | Depths:4 | Killed a juggernaut
 56615 | Depths:4 | Identified the ring of Bipt {Fire -Tele rN+ Int+7} (You took it off a spriggan berserker on level 4 of the Depths)
 56628 | Depths:4 | Identified the amulet of Equilibrium {Faith MR+} (You took it off a vampire knight on level 4 of the Depths)
 56733 | Depths:4 | Got a clouded golden ring
 56735 | Depths:4 | Identified the ring of Gavvyigh {Wiz rC+ Dex+2} (You took it off a yaktaur on level 4 of the Depths)
 56753 | Depths:4 | Noticed a golden dragon
 56762 | Depths:4 | Killed a golden dragon
 56877 | Depths:4 | Found a runed door.
 57192 | Depths:4 | Reached XP level 24. HP: 195/195 MP: 26/26
 57663 | Shoals:1 | Entered Level 1 of the Shoals
 57868 | Shoals:1 | Found Geneiqe's Antique Armour Boutique.
 57878 | Shoals:1 | Received a gift from Trog
 57884 | Shoals:1 | Bought a pair of embroidered gloves for 195 gold pieces
 58567 | Shoals:2 | Received a gift from Trog
 59020 | Shoals:3 | Noticed HAL9000's ghost (adept VSAs)
 59034 | Shoals:3 | Killed HAL9000's ghost
 59039 | Shoals:3 | Noticed Polyphemus
 59056 | Shoals:3 | Killed Polyphemus
 59128 | Shoals:3 | Identified the ring of the Moon {-Tele rF+ rC++ MR+ Stlth+} (You found it on level 3 of the Shoals)
 59693 | Shoals:4 | Entered Level 4 of the Shoals
 59727 | Shoals:4 | Noticed Ilsuiw
 59755 | Shoals:4 | Killed Ilsuiw
 60030 | Shoals:4 | Received a gift from Trog
 60081 | Shoals:4 | Got a barnacled rune of Zot
 60631 | Shoals:4 | Got an ancient jade ring
 60689 | Shoals:4 | Received a gift from Trog
 61002 | Lair:3   | Identified the ring "Noqagaa" {Str+4 Stlth-} (You found it on level 4 of the Shoals)
 61406 | Vaults:5 | Entered Level 5 of the Vaults
 61467 | Vaults:5 | Got a fine brass ring
 61477 | Vaults:5 | Identified the ring "Mujodd" {Int+2 Slay+1} (You took it off a vault warden on level 5 of the Vaults)
 61516 | Vaults:5 | Reached XP level 25. HP: 201/204 MP: 26/26
 61650 | Vaults:5 | Received a gift from Trog
 61700 | Vaults:5 | Identified Qoxearha's Almanac of the Compass and Clay
 61901 | Vaults:5 | Noticed an ancient lich
 62196 | Vaults:5 | Killed an ancient lich
 62300 | Vaults:5 | Received a gift from Trog
 62573 | Vaults:5 | Got a silver rune of Zot
 62849 | Vaults:5 | Identified the Disquisition on Creation and Stones
 62919 | Vaults:5 | Identified the Handbook of Enhancements and Contamination
 63329 | Depths:1 | Reached XP level 26. HP: 211/211 MP: 24/26
 63451 | Depths:5 | Entered Level 5 of the Depths
 63476 | Depths:5 | Identified the ring "Sayfuan" {rPois MR+ Str+3} (You found it on level 5 of the Depths)
 63487 | Depths:5 | Noticed Margery
 63500 | Depths:5 | Killed Margery
 63851 | Depths:5 | Received a gift from Trog
 63938 | Depths:5 | Found a gate to the Realm of Zot.
 64486 | Zot:1    | Entered Level 1 of the Realm of Zot
 64486 | Zot:1    | Noticed xgamer67's ghost (adept SpWr)
 64514 | Zot:1    | Killed xgamer67's ghost
 65261 | Zot:1    | Received a gift from Trog
 65287 | Zot:1    | Reached XP level 27. HP: 218/218 MP: 26/26
 65493 | Zot:2    | Received a gift from Trog
 66665 | Zot:3    | Identified the +2 plate armour of the Blessed Realm {rF+ rC+} (You found it on level 3 of the Realm of Zot)
 66741 | Zot:3    | Noticed an orb of fire
 66745 | Zot:3    | Gained mutation: You are weak. (Str -2) [an orb of fire]
 66749 | Zot:3    | Gained mutation: You tend to lose your temper in combat. [an orb of fire]
 66753 | Zot:3    | Killed an orb of fire
 66754 | Zot:3    | Lost mutation: You are weak. (Str -2) [potion of mutation]
 66754 | Zot:3    | Lost mutation: You tend to lose your temper in combat. [potion of mutation]
 66754 | Zot:3    | Gained mutation: Scrolls take you a little longer to read. [potion of mutation]
 66754 | Zot:3    | Gained mutation: You are frail. (-10% HP) [potion of mutation]
 66754 | Zot:3    | Gained mutation: Your spells are a little harder to cast, but a little more powerful. [potion of mutation]
 66754 | Zot:3    | Gained mutation: Your muscles are strong. (Str +2) [potion of mutation]
 66755 | Zot:3    | Lost mutation: Scrolls take you a little longer to read. [potion of mutation]
 66755 | Zot:3    | Lost mutation: Your muscles are strong. (Str +2) [potion of mutation]
 66755 | Zot:3    | Lost mutation: You are frail. (-10% HP) [potion of mutation]
 66755 | Zot:3    | Gained mutation: Your system is resistant to poisons. (rPois) [potion of mutation]
 66755 | Zot:3    | Gained mutation: Your muscles are strong. (Str +2) [potion of mutation]
 66763 | Zot:3    | Received a gift from Trog
 68351 | Zot:5    | Entered Level 5 of the Realm of Zot
 68746 | Zot:5    | Noticed an ancient lich
 68756 | Zot:5    | Killed an ancient lich
 68756 | Zot:5    | Received a gift from Trog
 68770 | Zot:5    | Noticed an ancient lich
 68773 | Zot:5    | Killed an ancient lich
 68798 | Zot:5    | Noticed an orb of fire
 68812 | Zot:5    | Killed an orb of fire
 68906 | Zot:5    | Noticed an orb of fire
 68912 | Zot:5    | Noticed an orb of fire
 68915 | Zot:5    | Gained mutation: You are occasionally teleported next to monsters. [an orb of fire]
 68922 | Zot:5    | Gained mutation: Scrolls take you a little longer to read. [an orb of fire]
 68926 | Zot:5    | Killed an orb of fire
 68937 | Zot:5    | Killed an orb of fire
 68961 | Zot:5    | Noticed an ancient lich
 68963 | Zot:5    | Noticed an ancient lich
 68966 | Zot:5    | Killed an ancient lich
 68975 | Zot:5    | Noticed an ancient lich
 68975 | Zot:5    | Killed an ancient lich
 68982 | Zot:5    | Killed an ancient lich
 69081 | Zot:5    | Got the Orb of Zot
 69122 | Zot:5    | Noticed Yruhegeo the pandemonium lord
 69133 | Zot:5    | Noticed an ancient lich
 69704 | D:$      | Escaped with the Orb!

Vault maps used:
D:1:      dpeg_arrival_arbitrary_c, corexii_corridor_pit, minmay_statues_item
D:2:      bloody_trog
D:3:      overflow_temple_1_default, chequers_ecumenical_altar_simple_redux,
          uniq_sigmund
D:4:      minmay_temple_entry_poolview, first_bread, minmay_mini_ossuary
D:5:      kennysheep_mini, nemelex_xobeh_ov_fountains_minmay, uniq_eustachio,
          uniq_duvessa, uniq_blork_the_orc
D:6:      eat_drink_and_be_merry_uskayaw
D:7:      marbit_many_paths, basic_altar
D:8:      grunt_lair_entry_orc_guard_hut
D:9:      cheibriados_altar_1, lemuel_crystal_altar,
          grunt_temple_overflow_diamond, uniq_grum
D:10:     hangedman_little_slice_of_home, uniq_urug
D:11:     erik_orc_3, serial_shops, shop, kennysheep_little_box, shop, shop,
          shop
D:12:     serial_shops, shop, nicolae_blasting_shop
D:13:     uniq_sonja, uniq_rupert, uniq_frances
D:14:     david_vaults_4, serial_shops, shop, nicolae_shop_stone,
          serial_bayou_pond_d
D:15:     grunt_enter_depths_magical_seal, solitary_fountain, serial_shops,
          nicolae_shop_stone, grunt_qazlal_clouds
Lair:1:   infiniplex_staircase_pool, grunt_megastairs_5
Lair:2:   st_stairs_6, nicolae_quartered_pool_super
Lair:3:   elwin_shoals_entry_rooms, gammafunk_lair_bear_cave,
          infiniplex_staircase_pool_2, minmay_lair_oklob_chamber
Lair:4:   guppyfry_snake_entry_garden
Lair:6:   hangedman_lair_tendril_chambers, wormcave, slime_altar_1,
          serial_bayou_crossing, grunt_megastairs_4
Shoals:1: serial_shops, shop_statue
Shoals:3: uniq_polyphemus
Shoals:4: shoals_end_grunt_ice, shoal_ilsuiw
Snake:1:  serial_shops, shop, minmay_shop_grove, uniq_aizul
Snake:2:  serial_shops, shop, uniq_kirke
Snake:3:  uniq_asterion, uniq_vashnia, uniq_roxanne, uniq_bai_suzhen
Snake:4:  minmay_snake_end_coiled, uniq_jorgrun
Orc:1:    enter_bailey_8, nicolae_orc_flooded_monolith, elves_outpost_lemuel,
          uniq_snorg, uniq_erolcha
Orc:2:    grunt_orc_gardens, grunt_orc_garden, grunt_orc_garden,
          grunt_orc_garden, grunt_orc_garden
Vaults:1: v_alt_pattern_5, v_alt_pattern_4, nicolae_vaults_little_squares_3,
          serial_shops, shop
Vaults:2: v_pattern_3, ontoclasm_vaults_loading_screen,
          nicolae_vaults_network_barrier, v_misc_1, vaults_standard_mumra_lines,
          grunt_vaults_trifunnel, nicolae_vaults_theta, v_misc_5,
          nicolae_vaults_angled_halls, v_misc_8, vaults_mumra_lcd, v_misc_22,
          nicolae_vaults_little_squares_2, ontoclasm_vaults_twist,
          v_alt_pattern_1, serial_glass, uniq_donald
Vaults:3: hangedman_vaults_nodes, ontoclasm_vaults_claustrophobia,
          ontoclasm_vaults_ligature, v_misc_4, v_alt_pattern_2,
          minmay_crypt_entry_simple_plaza, ontoclasm_vaults_decontamination,
          hangedman_vaults_stitches, v_misc_17, vaults_mumra_chevron_long,
          nicolae_vaults_three_branches, hangedman_vaults_corner_blocks,
          vaults_dpeg_ring
Vaults:4: v_rooms_1, nicolae_vaults_gold_heap, ontoclasm_vaults_pinch,
          v_rooms_2, ontoclasm_vaults_idyll, nicolae_vaults_asterisk,
          hangedman_vaults_river_flow, v_misc_8,
          vaults_mumra_minichess_inversion, ontoclasm_vaults_gallery,
          grunt_vaults_swirl, vaults_dpeg_doors, vaults_standard_mumra_x,
          vaults_room_fancy_cross, uniq_sojobo, uniq_frederick
Vaults:5: serial_shops
Depths:1: enter_ziggurat_e, hell_entry, pan_entry, minmay_misc_feat_columns,
          abyss_entry, mu_enter_wizlab_3, minivault_16, evilmike_ruin_ashenzari
Depths:2: evilmike_halls_of_destruction, pf_dread_powers_of_hell,
          kennysheep_crisscross, minmay_staircase_statues, serial_bayou_shore_b
Depths:3: minmay_outward_triangles, abyss_entry_small_statue_room,
          minmay_misc_feat_ornament, rand_demon_pan_entry_7,
          hangedman_coc_ice_floe
Depths:4: minmay_the_grid_square_5x5_4x4_mashed, hell_entry, abyss_entry,
          nicolae_wwwww, serial_bayou_shore_a, basic_stair_grate_trap,
          infiniplex_staircase_zigzag_1, uniq_saint_roka
Depths:5: evilmike_zot_entry_basic, serial_sigils, serial_sigils_hangedman_leer,
          serial_sigils_hangedman_clutch, serial_sigils_hangedman_shear,
          serial_sigils_hangedman_gnaw, grunt_hell_entry_dis_grunt, minivault_1,
          feat_on_display, uniq_margery
Zot:1:    hangedman_zot_decor_unnerving_road
Zot:3:    lemuel_firehouse
Zot:4:    minmay_elemental_castle, bh_zot_ikea_curve, basic_stair_grate_trap
WizLab:   wizlab_golubria

Skill      XL: |  1  2  3  4  5  6  7  8  9 10 11 12 13 14 15 16 17 18 19 20 21 22 23 24 25 26 27 |
---------------+----------------------------------------------------------------------------------+-----
Long Blades    | 3 4 6 7 8 10 11 13 14 15 16 19 20 22 23 24 | 24.0
Armour         | 6 8 10 12 13 15 16 19 22 | 22.0
Fighting       | 7 10 12 14 15 17 18 21 | 21.7
Dodging        | 7 10 12 15 17 19 20 23 | 23.3
Evocations     | 5 |  5.2
Shields        | |  3.0

Action                   |  1- 3 |  4- 6 |  7- 9 | 10-12 | 13-15 | 16-18 | 19-21 | 22-24 | 25-27 || total
-------------------------+-------+-------+-------+-------+-------+-------+-------+-------+-------++-------
Melee: Long sword        |    99 |   388 |   473 |  1126 |  1092 |       |       |       |       ||  3178
       Great sword       |       |       |       |       |   476 |   710 |       |       |       ||  1186
       Triple sword      |       |       |       |       |       |   631 |  1261 |  1362 |  1533 ||  4787
Invok: Berserk           |       |       |    12 |    46 |    28 |    22 |    10 |     6 |     2 ||   126
       Trog's Hand       |       |       |       |     5 |     8 |     3 |     1 |       |     2 ||    19
       Burn Spellbooks   |       |       |       |     1 |       |       |       |       |     1 ||     2
       Brothers in Arms  |       |       |       |     1 |     5 |     1 |       |     1 |     6 ||    14
Evoke: Wand              |       |       |       |     1 |     6 |     5 |     1 |     1 |     1 ||    15
  Use: Scroll            |       |     4 |     9 |     9 |    11 |    16 |    11 |    17 |    16 ||    93
       Potion            |       |     1 |     1 |       |     2 |       |     1 |     3 |    12 ||    20
 Stab: Distracted        |       |       |       |       |     1 |       |       |       |     1 ||     2
       Paralysed         |       |       |       |       |       |     3 |       |     1 |       ||     4
  Eat: Chunk             |       |    10 |    14 |    54 |    49 |    39 |    32 |    31 |    25 ||   254
       Fruit             |       |     1 |     1 |     8 |     2 |       |     4 |       |       ||    16
       Bread ration      |       |       |     2 |     3 |     3 |       |     1 |     1 |       ||    10
       Royal jelly       |       |       |     1 |     6 |     3 |    11 |       |       |     1 ||    22
       Meat ration       |       |       |       |       |       |       |     1 |       |     1 ||     2
Armor: Scale mail        |    29 |    19 |       |       |       |       |       |       |       ||    48
       Chain mail        |       |   200 |    38 |       |       |       |       |       |       ||   238
       Plate armour      |       |       |   207 |   540 |   809 |   905 |   658 |   614 |       ||  3733
       Crystal plate arm |       |       |       |       |       |       |       |    20 |  1054 ||  1074
Dodge: Dodged            |    22 |    78 |    47 |   133 |   552 |   851 |   723 |  1061 |  1459 ||  4926
Block: Shield            |    43 |   200 |   174 |   390 |   432 |       |       |       |       ||  1239
       Rpst.: Long sword |     6 |    20 |    13 |    41 |    67 |       |       |       |       ||   147
       Great sword       |       |       |       |       |    63 |   105 |       |       |       ||   168
       Triple sword      |       |       |       |       |       |   105 |   135 |   205 |   261 ||   706
